 Dungeon Crawl Stone Soup version 0.27-a0-650-g8dd3ea4f36 (webtiles) character file.

Game seed: 6710996889794480422

4 zzzxxxcccvvv the Sneak (level 1, -2/9 HPs)
             Began as a Spriggan Enchanter on Mar 15, 2021.
             Slain by a leopard gecko (3 damage)
             ... on level 1 of the Dungeon.
             The game lasted 00:02:51 (331 turns).

zzzxxxcccvvv the Sneak (Spriggan Enchanter)          Turns: 331, Time: 00:02:52

Health: -2/9       AC:  2    Str:  4    XL:     1   Next: 58%
Magic:  5/5        EV: 17    Int: 16    God:
Gold:   4          SH:  0    Dex: 15    Spells: 4/5 levels left

rFire    . . .     SeeInvis +   a - +1 dagger
rCold    . . .     Faith    .   (shield restricted)
rNeg     . . .     Spirit   .   b - +0 robe
rPois    .         Reflect  .   (helmet restricted)
rElec    .         Harm     .   (no cloak)
rCorr    .         Rampage  .   (gloves unavailable)
Will     .....                  (boots unavailable)
Stlth    +++.......             (no amulet)
HPRegen  0.03/turn              (no ring)
MPRegen  0.09/turn              (no ring)

@: very quick
A: very small, no large weapons, unfitting armour, see invisible, speed 3
a: no special abilities


You were on level 1 of the Dungeon.
You visited 1 branch of the dungeon, and saw 1 of its levels.

You collected 4 gold pieces.

Inventory:

Hand Weapons
 a - a +1 dagger (weapon)
Armour
 b - a +0 robe (worn)


   Skills:
 - Level 1.1 Short Blades
 + Level 2.9 Dodging
 + Level 4.5 Stealth
 + Level 2.8 Spellcasting
 + Level 3.7 Hexes


You had 4 spell levels left.
You knew the following spells:

 Your Spells              Type           Power      Damage    Failure   Level
a - Corona                Hex            15%        N/A       4%          1

Your spell library contained the following spells:

 Spells                   Type           Power      Damage    Failure   Level
 Confusing Touch          Hex            14%        N/A       12%         3
 Tukima's Dance           Hex            14%        N/A       12%         3
 Ensorcelled Hibernation  Hex/Ice        16%        N/A       14%         2
 Dazzling Flash           Conj/Hex       16%        N/A       26%         3


Dungeon Overview and Level Annotations

Branches:
Dungeon (1/15)

Altars:


Innate Abilities, Weirdness & Mutations

You are very small and have problems with some larger weapons.
You are too small for most types of armour.
You have supernaturally acute eyesight. (SInv)
You cover ground extremely quickly. (Speed+++)


Message History

The rat twitches its whiskers.
A leopard gecko and a kobold come into view.
The leopard gecko hisses angrily.
The kobold closely misses you.
You see here 26 arrows.
The leopard gecko hisses menacingly.
A rat comes into view.
The rat closely misses you.
You hit the rat.
You kill the rat!
Okay, then.
Okay, then.
A goblin comes into view. It is wielding a +0 club.
The goblin shouts!
You hit the goblin.
You kill the goblin!
You see here a +0 club.
You start resting.
HP restored.
A hobgoblin comes into view. It is wielding a +0 club.
Found a stone staircase leading down.
The hobgoblin shouts!
You hear an angry hiss.
You closely miss the hobgoblin. The hobgoblin barely misses you.
You hit the hobgoblin but do no damage.
A leopard gecko comes into view.
The hobgoblin closely misses you.
You hit the hobgoblin but do no damage. The hobgoblin hits you with a +0 club.
Ouch! That really hurt!
You start resting.
A leopard gecko is nearby!
You completely miss the leopard gecko. The leopard gecko misses you.
You closely miss the leopard gecko. The leopard gecko bites you.
* * * LOW HITPOINT WARNING * * *
You hit the leopard gecko.
The leopard gecko is almost dead.
The leopard gecko misses you.
You closely miss the leopard gecko.
The leopard gecko is almost dead.
The leopard gecko bites you.
You die...

##########
#########.....†..################
#..)..................g......l...
################.#########.#####.
♣.♣♣ #.# ♣♣♣.♣ #.. ♣.l♣♣ #.##
♣.@♣♣ #.. ♣♣..♣ #.# ♣♣..♣♣ #..
♣....♣ ♣♣...♣ ♣♣.<.♣ ♣....♣♣
♣♣♣.♣.♣ ♣♣..♣.♣♣


You could see a leopard gecko.

Vanquished Creatures
  2 bats (D:1)
  A frilled lizard (D:1)
  2 goblins (D:1)
  A rat (D:1)
6 creatures vanquished.

Notes
Turn   | Place    | Note
-------+----------+-------------------------------------------
     0 | D:1      | zzzxxxcccvvv the Spriggan Enchanter began the quest for the
                  | Orb.
     0 | D:1      | Reached XP level 1. HP: 9/9 MP: 5/5
   331 | D:1      | Slain by a leopard gecko

Illustrated notes

Levels and vault maps discovered:
D:1:      roderic_dead_forest, layout_rooms, minmay_fountain_box,
          amcnicky_mini_pool_small, minmay_tree_intersection

Action                   || total
-------------------------++-------
Melee: Dagger            ||    14
 Stab: Sleeping          ||     3
Dodge: Dodged            ||     7

Table legend: (Time is in decaauts)
 A = Elapsed time spent in this place.
 B = Non-inter-level travel time spent in this place.
 C = Inter-level travel time spent in this place.
 D = Time resting spent in this place.
 E = Time spent auto-exploring this place.
 F = Levels seen in this place.
 G = Mean time per level.
                   A        B        C        D        E       F      G
               +--------+--------+--------+--------+--------+-----+--------+
         Total |    260 |    260 |      0 |    137 |     20 |   1 |  260.0 |
       Dungeon |    260 |    260 |      0 |    137 |     20 |   1 |  260.0 |
               +--------+--------+--------+--------+--------+-----+--------+

Top non-repeatable levels by time:
     D:1: 260 daAuts
